Cogmind - Beta 13 X1 @@@ ROGUE MODE // 2023.09.17 @ 08:34:24 Player: VR-DUX Result: Destroyed by CZ-8QP(R) with Subdweller Laser Performance ------------- Evolutions (0) 0 Regions Visited (2) 400 Robots Destroyed (25) 125 Value Destroyed (498) 498 Prototype IDs (0) 0 Alien Tech Used (0) 0 Bonus (0) 0 TOTAL SCORE: 1023 Bonus ------- None Cogmind --------- Core Integrity 0/250 Matter 232/300 Energy 81/100 System Corruption 2% Temperature Cool (6) Movement Treading (240) Ox1 Location -10/Subcaves Parts ------- > --- POWER (1) -------- (None) > --- PROPULSION (2) --- Improved Treads > --- UTILITY (2) ------ Large Storage Unit Structural Scanner > --- WEAPON (2) ------- EM Shotgun Battle Cannon (fused) > --- INVENTORY (15) --- Light Nuclear Core Improved Treads Spiked Treads Wheel Medium Storage Unit Sensor Array Terrain Scanner Light Armor Plating EM Shotgun Light Assault Rifle Light Assault Rifle Battle Cannon Heavy Hammer Makeshift Axe Peak State ------------ > --- POWER ------------ Light Nuclear Core > --- PROPULSION ------- Improved Treads Improved Treads > --- UTILITY ---------- Large Storage Unit Structural Scanner > --- WEAPON ----------- Battle Cannon Makeshift Axe > --- INVENTORY -------- Light Nuclear Core Improved Treads Spiked Treads Wheel Medium Storage Unit Sensor Array Terrain Scanner Light Armor Plating EM Shotgun EM Shotgun Light Assault Rifle Light Assault Rifle Battle Cannon Battle Cannon Heavy Hammer [Rating: 17] Favorites ----------- Power Light Ion Engine Engine Light Ion Engine Power Core Light Nuclear Core Propulsion Improved Treads Treads Improved Treads Leg Aluminum Leg Utility Large Storage Unit Device Structural Scanner Storage Large Storage Unit Processor Transport Network Coupler Weapon Light Assault Rifle Energy Gun Medium Laser Ballistic Gun Light Assault Rifle Ballistic Cannon Battle Cannon Launcher Grenade Launcher Special Weapon Welding Torch Impact Weapon Heavy Hammer Slashing Weapon Makeshift Axe Build | -11 -10 -10 ------- Run | Jun Mat Sub Slots Evolved . | . . . Power . | . . . Propulsion . | . . . Utility . | . . . Weapon . | . . . Parts Attached 37 | . 23 14 Power 2 | . 1 1 Engine 1 | . 1 . Core 1 | . . 1 Reactor . | . . . Propulsion 8 | . 6 2 Treads 8 | . 6 2 Leg . | . . . Wheel . | . . . Hover . | . . . Flight . | . . . Utility 6 | . 6 . Device 3 | . 3 . Storage 2 | . 2 . Processor 1 | . 1 . Hackware . | . . . Protection . | . . . Artifact . | . . . Weapon 21 | . 10 11 Energy Gun 2 | . . 2 Energy Cannon . | . . . Ballistic Gun 9 | . 7 2 Ballistic Cannon 4 | . . 4 Launcher 1 | . . 1 Special Weapon 2 | . 2 . Impact Weapon 2 | . 1 1 Slashing Weapon 1 | . . 1 Piercing Weapon . | . . . Special Melee Weapon . | . . . Unidentified Prototypes . | . . . Parts Lost 9 | . 2 7 Power 2 | . 1 1 Propulsion 3 | . . 3 Utility . | . . . Weapon 4 | . 1 3 Highest Loss Streak 4 | . 1 4 To Critical Strikes . | . . . Average Slot Usage (%) 96 | . 94 98 Engine 10 | . 13 4 Core 3 | . . 9 Treads 27 | . 27 27 Device 11 | . 9 14 Storage 14 | . 14 14 Ballistic Gun 19 | . 26 7 Ballistic Cannon 6 | . . 16 Impact Weapon 1 | . . 1 Naked Turns . | . . . Heaviest Build 32 | 13 29 32 Greatest Support 46 | 20 43 46 Greatest Overweight (x) 1 | . 1 . Average Overweight (x) . | . . . Largest Inventory Capacity 15 | 8 15 15 Average Capacity 13 | 8 13 15 Most Carried 15 | 6 15 15 Average Carried 12 | 6 12 14 Final Capacity 15 | 8 15 15 Final Carried 15 | 6 15 14 Class Distribution -------------------- 100% | Mutant Dominant Class ---------------- Mutant | -10/Materials Mutant | -10/Subcaves Resources | -11 -10 -10 ----------- Run | Jun Mat Sub Matter Collected 866 | 204 431 231 Remotely . | . . . Salvage Created 718 | 79 571 68 Parts 64 | 2 51 11 Haulers Intercepted 2 | . 2 . Recyclers Shooed . | . . . Parts Field Recycled . | . . . Retrieved Matter . | . . . Parts Self-Destructed . | . . . Prevented . | . . . Kills | -11 -10 -10 ------- Run | Jun Mat Sub Combat Hostiles Destroyed 13 | . 9 4 Guns 11 | . 9 2 Cannons 1 | . . 1 AOE 1 | . . 1 Classes Destroyed 10 | 1 8 1 Worker 3 | . 3 . Builder 2 | . 2 . Tunneler 1 | . 1 . Hauler 2 | . 2 . Recycler 1 | 1 . . Operator 1 | . 1 . Watcher 2 | . 2 . Swarmer 3 | . 3 . Grunt 6 | . 6 . Subdweller 4 | . . 4 Best Kill Streak 4 | 1 4 2 Combat Bots Only 3 | . 3 2 Max Kills in Single Turn 2 | 1 2 1 Gunslinging 1 | . 1 . Exploded 1 | . . 1 Melee . | . . . Uniques/NPCs Destroyed . | . . . Combat | -11 -10 -10 -------- Run | Jun Mat Sub Damage Taken 1527 | . 469 1058 Core 253 | . 91 162 Absorbed by Shields . | . . . Core Remaining (%) 100 | 100 . . Volleys Fired 95 | 4 63 28 Largest 2 | 2 2 2 Hottest 84 | 70 40 84 Shots Fired 177 | 8 122 47 Gun 150 | 8 122 20 Cannon 23 | . . 23 Launcher 4 | . . 4 Special . | . . . Kinetic 164 | 4 122 38 Thermal 4 | 4 . . Explosive 4 | . . 4 Electromagnetic 5 | . . 5 Robot Hit Streak 16 | 2 11 16 Robot Miss Streak 2 | 1 2 1 Penetration Max . | . . . Secondary Targets 2 | . 2 . Max Gunslinging Chain 1 | . 1 . Shots Hit Robots 137 | 5 90 42 Core Hits 50 | 2 38 10 Critical Kills 1 | . 1 . Critical Parts Destroyed . | . . . Critical Strikes 4 | 1 1 2 Burn 1 | 1 . . Destroy 1 | . 1 . Blast 2 | . . 2 Melee Attacks 7 | . 2 5 Impact 3 | . 2 1 Slashing 4 | . . 4 Piercing . | . . . Sneak Attacks . | . . . Combat Hostiles . | . . . Follow-up Attacks . | . . . Damage Inflicted 1893 | 49 926 918 Guns 1138 | 49 923 166 Cannons 383 | . . 383 Explosions 369 | . . 369 Melee . | . . . Ramming 3 | . 3 . Kinetic 1437 | 24 923 490 Thermal 25 | 25 . . Explosive 369 | . . 369 Electromagnetic 59 | . . 59 Impact . | . . . Slashing . | . . . Piercing . | . . . Highest Corruption 2 | . 2 2 Average Corruption 2 | . 2 2 Corruption Purged . | . . . Corruption Blocked . | . . . Effects 26 | . 10 16 Message Errors 8 | . 4 4 Matter Fused 2 | . 1 1 Heat Flow Errors 5 | . 3 2 Energy Discharges 4 | . 1 3 Parts Fused 1 | . . 1 Data Loss (minor) 2 | . . 2 Data Loss (major) 1 | . . 1 Misfires 2 | . . 2 Alerts 1 | . 1 . Overload Shots . | . . . Overflow Damage . | . . . Projectiles . | . . . Explosions . | . . . Melee . | . . . Knockbacks 8 | . . 8 Impact . | . . . Kinetic 8 | . . 8 Secondary . | . . . Self-Inflicted Damage . | . . . Shots . | . . . Rammed 1 | . 1 . Targets Rammed 1 | . 1 . Kicked . | . . . Crushed . | . . . Highest Temperature 280 | 60 179 280 Average Temperature 63 | 30 39 131 Received Heat Transfer 333 | . 255 78 Effects 1 | . . 1 Interference 1 | . . 1 Siege Activations . | . . . Robots Corrupted . | . . . Combat Hostiles . | . . . Parts Fried . | . . . Impact Corruptions . | . . . Robots Melted . | . . . Combat Hostiles . | . . . Parts Melted 1 | . . 1 Heat Transferred 148 | 148 . . Parts Sabotaged . | . . . Parts Stolen . | . . . Parts Stripped . | . . . Power Chain Reactions . | . . . Missiles Intercepted . | . . . Alert | -11 -10 -10 ------- Run | Jun Mat Sub Peak Influence 243 | 5 243 . Initial 3 | . 3 . Average 64 | 1 65 . Maximum Alert Level 1 | . 1 . Low Security (%) 96 | 100 96 . Level 1 3 | . 3 . Level 2 . | . . . Level 3 . | . . . Level 4 . | . . . Level 5 . | . . . High Security . | . . . Max Security . | . . . Squads Dispatched 1 | . 1 . Investigation . | . . . Extermination . | . . . Reinforcement 1 | . 1 . Assault . | . . . Garrison . | . . . Intercept . | . . . Searches Triggered . | . . . Construction Impeded . | . . . Haulers Reinforced . | . . . Active Scanning Responses . | . . . Cargo Convoy Interrupts . | . . . Stealth | -11 -10 -10 --------- Run | Jun Mat Sub Distress Signals 3 | . 3 . Communications Jammed . | . . . Distress Signals . | . . . Times Spotted 25 | . 19 6 Peak Tracking Total 4 | . 4 2 Tactical Retreats 1 | . 1 . Traps | -11 -10 -10 ------- Run | Jun Mat Sub Traps Triggered 5 | . 3 2 Indirectly . | . . . Trap Hack Attempts . | . . . Triggered . | . . . Disarmed . | . . . Reprogrammed . | . . . Reused . | . . . Traps Extracted . | . . . Installed . | . . . Triggered . | . . . Machines | -11 -10 -10 ---------- Run | Jun Mat Sub Machines Disabled . | . . . Max in Single Turn . | . . . Machines Repaired . | . . . Machines Sabotaged . | . . . Overloaded Fab Kills . | . . . Hacking | -11 -10 -10 --------- Run | Jun Mat Sub Machines Accessed 6 | . 6 . Terminals 5 | . 5 . Fabricators . | . . . Repair Stations . | . . . Recycling Units 1 | . 1 . Scanalyzers . | . . . Garrison Access . | . . . Total Hacks 15 | . 15 . Successful 4 | . 4 . Failed 10 | . 10 . Catastrophic 2 | . 2 . Database Lockouts 1 | . 1 . Manual 10 | . 10 . Terminals 13 | . 13 . Fabricators . | . . . Repair Stations . | . . . Recycling Units 2 | . 2 . Scanalyzers . | . . . Garrison Access . | . . . Terminal Hacks 3 | . 3 . Robot Analysis 1 | . 1 . Emergency Access Points 1 | . 1 . Zone Layout 1 | . 1 . Fabricator Hacks . | . . . Repair Station Hacks . | . . . Recycling Unit Hacks 1 | . 1 . Retrieve Components 1 | . 1 . Scanalyzer . | . . . Garrison Access Hacks . | . . . Unauthorized Hacks . | . . . Terminals . | . . . Fabricators . | . . . Repair Stations . | . . . Recycling Units . | . . . Scanalyzers . | . . . Garrison Access . | . . . Data Cores Recovered . | . . . Used . | . . . Hacking Detections 3 | . 3 . Full Trace Events 1 | . 1 . Feedback Events . | . . . Feedback Blocked . | . . . Robot Schematics Acquired . | . . . Robots Built . | . . . Authchips . | . . . Time . | . . . Total Robot Build Rating . | . . . Part Schematics Acquired . | . . . Parts Built . | . . . Authchips . | . . . Time . | . . . Total Part Build Rating . | . . . Parts Repaired . | . . . Time . | . . . Parts Recycled . | . . . Recycled Matter . | . . . Retrieved Matter . | . . . Retrieved Components 1 | . 1 . Parts Scanalyzed . | . . . Part Schematics Acquired . | . . . Parts Damaged . | . . . Bothacking | -11 -10 -10 ------------ Run | Jun Mat Sub Used RIF Installer . | . . . Robots Hacked . | . . . Non-combat . | . . . Combat . | . . . Robot Hacks Applied . | . . . Relay Couplers Released . | . . . Fabnet Peak Effective % . | . . . Robots Rewired . | . . . Allies Hacked . | . . . Hacks Repelled . | . . . Allies | -11 -10 -10 -------- Run | Jun Mat Sub Total Allies . | . . . Largest Group . | . . . Highest-Rated Group . | . . . Highest-Rated Ally . | . . . Total Orders . | . . . Ally Attacks . | . . . Total Damage . | . . . Kills . | . . . Allies Corrupted . | . . . Allies Melted . | . . . Intel | -11 -10 -10 ------- Run | Jun Mat Sub Robot Analysis Total 1 | . 1 . Derelict Logs Recovered . | . . . Drone Launches . | . . . Drone Recoveries . | . . . Exploration | -11 -10 -10 ------------- Run | Jun Mat Sub Turns Passed 2305 | 20 1423 862 Spaces Moved 1174 | 8 715 451 Core . | . . . Treads 1162 | . 711 451 Legs 12 | 8 4 . Wheels . | . . . Hover . | . . . Flight . | . . . Fastest Speed 120 | 120 120 160 Average Speed 159 | 120 159 160 Slowest Speed 240 | 120 240 160 Overloaded Moves . | . . . Propulsion Burnouts . | . . . Robots Hopped . | . . . Cave-ins Triggered . | . . . Exploration Rate (%) 43 | 2 94 35 Regions Visited 2 Branch Regions 1 Pre-discovered Areas 1 | . . 1 Known Exits Taken . | . . . Unknown Exits Taken 2 | 1 1 . Scrap Searched 8 | . . 8 Spaces Dug 1 | . 1 . Terrain Destroyed 10 | . 1 9 Melee 1 | . 1 . Projectile . | . . . AOE 9 | . . 9 Terrain Rammed . | . . . Walls Destroyed . | . . . Machines Disabled . | . . . Actions | -11 -10 -10 --------- Run | Jun Mat Sub Total 1433 | 11 883 539 Wait 77 | . 47 30 Move 1172 | 7 714 451 Hop . | . . . Pick Up 26 | . 19 7 Fast Attach 10 | . 9 1 Attach 12 | . 6 6 Detach . | . . . Swap 15 | . 8 7 Drop 18 | . 14 4 Fire 95 | 4 63 28 Melee 7 | . 2 5 Ram . | . . . Kick . | . . . Crush 1 | . 1 . Escape Stasis . | . . . Rewire . | . . . Trap . | . . . Miscellaneous . | . . . Route ------- -11/Junkyard -10/Materials (discovered 5 exits: [*Mat x3] / [*Min] / [*Sub]) -10/Subcaves (discovered 1 exit: [*Mat]) History --------- Turn | Location | Event 1 | -11/Junkyard | Discovered new exit (range 3) 21 | -11/Junkyard | Entered Materials 76 | -10/Materials | Central database locked down 310 | -10/Materials | Build established: Mutant 619 | -10/Materials | Discovered new exit (range 14) 695 | -10/Materials | Discovered new exit (range 16) 1061 | -10/Materials | Discovered new exit (range 11) 1276 | -10/Materials | Discovered new exit (range 15) 1430 | -10/Materials | Discovered new exit (range 10) 1444 | -10/Materials | Entered Subcaves 1520 | -10/Subcaves | Learned location of Zion (-6) 1520 | -10/Subcaves | Met a Zionite searching for "candidates" 1611 | -10/Subcaves | Core integrity fell below 50% 1654 | -10/Subcaves | Lost 4 parts (2n2w) 2094 | -10/Subcaves | Discovered new exit (range 9) 2263 | -10/Subcaves | Ambushed by Subdwellers from Twisted Machinery 2291 | -10/Subcaves | Core integrity fell below 20% 2306 | -10/Subcaves | Destroyed by CZ-8QP(R) with Subdweller Laser Last Messages --------------- 02213_ System corrupted: Matter fused (-6). 02229_ System corrupted: Component data lost. 02229_ YB-TEN(R) destroyed. 02232_ Acquired 28 matter. 02237_ Acquired 4 matter. 02248_ Acquired 21 matter. 02263_ CZ-8QP(R) emerges from the Twisted Machinery. 02281_ CZ-8QP(R) knocked back. 02283_ System corrupted: Heat flow error (+279). 02286_ Overheating: System interference. 02286_ Battle Cannon temporarily disabled. 02287_ 7W-DPR(R) suffers critical hit (Blast). 02287_ Destroyed Sub. Optics. 02288_ Battle Cannon destroyed. 02289_ 7W-DPR(R) knocked back. 02302_ CZ-8QP(R) knocked back. 02303_ Imp. Treads destroyed. 02305_ Lgt. Nuclear Core destroyed. 02305_ CZ-8QP(R) Disposable Heat Sink blasted off. 02305_ CZ-8QP(R) knocked back. Map ----- +----------------------------------------------------+ | ?????????????#### ##### ##########?????? | | ?????????????#### ### ##### ##?????? | | ?????????????## ####### ###?????? | | ?????????????## ####### ###?????? | | ?????????????### ## #### ##?????? | | ?????????????### ### ##?????? | | ??????????????##### ##### ### ##?????? | | ?????????????####### ###### ### ##?????? | | ?????????????############## ### ###?????? | | ?????????????" " ###?## ## ###?????? | | ????????????? " ##??### ## ##??????? | | ???????????? ##??### &*& ######??????? | | ???????????? ##### !& ]! #######??????? | | ???????????[ ##### ########??????????? | | ??????????? #######???????????? | | ??????????? ##????????????????? | | ???????????" ###????????????????? | | ???????????" = & ####???######???????? | | ??????????? ###???? #####???????? | | ??????????? ####??? ##???????? | | ??????????? ##### ???????????? | | ???????????% ### ##???????????? | | ???????????% ### R ##???????????? | | ?????????????? ### %! ###???????????? | | ???????????????### %% " ####???????????? | | ???????????????## @ R"""####????????????? | | ???????????????## ### ### " ###?????????????? | | ??????????????? ######## ###????????????? | | ????????????? ?? ###### ##????????????? | | ?????????????? ???????## ##????????????? | | ????????????????????????## ##????????????? | | ????????????????????????### ????????????? | | ????????????????????????###" " ??????????? | | ?????????????????????????##" " " ##???????? | | ?????????????????????????### " ###???????? | | ?????????????????????????###### ### ####???????? | | ???????????????????????????#### ########????????? | | ??????????????????????????????? ?#####?????????? | | ??????????????????????????????? ???????????????? | | ???????????????????????????????? "???????????????? | | ????????????????????????????????"????????????????? | | ?????????????????????????????????????????????????? | | ?????????????????????????????????????????????????? | | ?????????????????????????????????????????????????? | | ?????????????????????????????????????????????????? | | ?????????????????????????????????????????????????? | | ?????????????????????????????????????????????????? | | ?????????????????????????????????????????????????? | | ?????????????????????????????????????????????????? | | ?????????????????????????????????????????????????? | +----------------------------------------------------+ Best States ------------- Heat Dissipation 25 Energy Generation 14 Energy Capacity 250 Matter Stores 300 Matter Capacity 300 Sight Range 16 Terrain Scan Density 10 Evasion (%) 50 Recoil Reduction 2 Item Schematics ----------------- None Robot Schematics ------------------ None Fabricated ------------ Nothing Alien Tech Used ----------------- None Achievements -------------- None Challenges ------------ None Game ------ Seed SiegeDefensePropulsion Manual? 0 Play Time 00:22:47 Cumulative 155.6 hours Start 2023.09.17 @ 08:14:46 End 2023.09.17 @ 08:34:24 Sessions 1 Manual Loads 0 Difficulty Rogue Special Mode None Game No. 102 Rogue 102 Adventurer 0 Explorer 0 Win Type - Total 3 Types 2/0/1/0/0/0/0/0/0 Lore% 49 Gallery% 50 Achievement% 48 Wizard Run 0 Options --------- ASCII 0 Keyboard 0 Movement Mouse Keybinds 0 Fullscreen 1 Font 18/SmallcapsGlow Map View 76x50 Tactical HUD 1 Map Filters NONE Filters NONE Steam X RUN: 6b36c142-c85a-4bd8-8492-3341ab7d2485